 Dungeon Crawl Stone Soup version 0.31-a0-360-gb3e1d13bf4 (webtiles) character file.

Game seed: 6252843465305742372

1747 Shard1697 the Cleaver (level 8, 0/67 HPs)
             Began as an Armataur Gladiator on July 26, 2023.
             Was a Believer of Lugonu.
             Slain by a gnoll
             ... wielding a +0 whip
              (2 damage)
             ... on level 7 of the Dungeon.
             The game lasted 00:07:09 (5517 turns).

Shard1697 the Cleaver (Armataur Gladiator)          Turns: 5517, Time: 00:07:09

Health: 0/67       AC:  7    Str: 21    XL:     8   Next: 77%
Magic:  11/11      EV:  7    Int: 10    God:    Lugonu [**....]
Gold:   248        SH:  7    Dex: 11    Spells: 7/7 levels left

rFire   . . .        a - +0 war axe
rCold   . . .        w - +0 kite shield
rNeg    . . .        g - +0 ring mail
rPois   +            c - +1 helmet
rElec   .            (no cloak)
rCorr   .            (no gloves)
SInv    .            (no barding)
Will    +....        o - amulet of regeneration
Stlth   +            k - ring of willpower
HPRegen 1.11/turn    C - ring of poison resistance
MPRegen 0.12/turn

%: roll
@: no status effects
A: large, rugged brown scales 3, deformed body, armoured tail, roll, long
tongue, awkward tongue
a: Renounce Religion, Depart the Abyss, Banish


You were on level 7 of the Dungeon.
You worshipped Lugonu.
Lugonu was pleased with you.
You visited 1 branch of the dungeon, and saw 7 of its levels.

You collected 488 gold pieces.
You spent 240 gold pieces at shops.

Inventory:

Hand Weapons
 a - a +0 war axe (weapon)
 n - a +0 flail
Missiles
 d - a throwing net (quivered)
 e - a javelin
Armour
 c - a +1 helmet (worn)
 g - a +0 ring mail (worn)
 w - a +0 kite shield (worn)
Jewellery
 k - a ring of willpower (left hand)
 l - a ring of resist corrosion
 o - an amulet of regeneration (around neck)
 C - a ring of poison resistance (right hand)
Wands
 h - a wand of flame (17)
 r - a wand of light (8)
 t - a wand of paralysis (9)
 B - a wand of polymorph (3)
Scrolls
 i - a scroll of silence {unknown}
 p - 3 scrolls of teleportation
 s - a scroll of acquirement {unknown}
 u - 4 scrolls of identify
 y - a scroll of enchant weapon {unknown}
 E - a scroll of revelation {unknown}
Potions
 b - 2 potions of cancellation
 f - a potion of might {unknown}
 j - a potion of brilliance
 m - 4 potions of berserk rage {unknown}
 q - a potion of mutation {unknown}
 v - a potion of degeneration {unknown}
 x - a potion of curing {unknown}
 z - 3 potions of haste {unknown}
 A - a potion of enlightenment {unknown}
 D - a potion of invisibility {unknown}


   Skills:
 * Level 3.3 Fighting
 * Level 8.1 Axes
 - Level 1.7 Throwing
 - Level 2.1 Dodging
 + Level 2.0 Shields
 + Level 5.1 Invocations


You had 7 spell levels left.
You didn't know any spells.
Your spell library contained the following spells:

 Spells                   Type           Power      Damage    Failure   Level
 Apportation              Tloc           0%         N/A       85%         1
 Magic Dart               Conj           0%         1d3       85%         1
 Necrotise                Necr           0%         1d4       85%         1
 Summon Small Mammal      Summ           0%         N/A       85%         1
 Call Imp                 Summ           0%         N/A       94%         2
 Mephitic Cloud           Conj/Pois/Air  0%         N/A       99%         3
 Ozocubu's Armour         Ice            0%         N/A       99%         3
 Metabolic Englaciation   Hex/Ice        0%         N/A       100%        5
 Simulacrum               Ice/Necr       0%         N/A       100%        6
 Haunt                    Necr/Summ      0%         N/A       100%        7
 Ozocubu's Refrigeration  Ice            0%         4d7       100%        7
 Borgnjor's Revivificati  Necr           0%         N/A       100%        8
 Death's Door             Necr           0%         N/A       100%        9


Dungeon Overview and Level Annotations

Branches:
Dungeon (7/15)             Temple (0/1) D:4

Altars:
Dithmenos
Kikubaaqudgha
Uskayaw
Xom
Lugonu

Shops:
D:6 =   D:7 :

Annotations:
D:4 3 runed translucent doors, GrumpyGrim72's ghost, amateur OpCj; LeprechaunX's ghost, novice OpSh; otakuarchivist's ghost, weakling MiFi
D:7 2 transporters, GrumpyGrim72's ghost, novice OpCj


Innate Abilities, Weirdness & Mutations

You are completely covered in rugged brown scales. (AC +3, +7% HP)
Armour fits poorly on your strangely shaped body.
You have a long armoured tail.
You roll when moving toward enemies. (Rampage)
Your long tongue fully drains potion bottles. (2x potion effects)
Your tongue gives you trouble enunciating. (1.5x scroll delay)


Message History

You are too injured to fight recklessly!
You are too injured to fight recklessly!
You are too injured to fight recklessly!
You are too injured to fight recklessly!
You are too injured to fight recklessly!
You hit the gnoll.
The gnoll is heavily wounded.
You block the gnoll's attack. x2
You slash the gnoll!
You kill the gnoll!
Lugonu accepts your kill. You block the gnoll's attack.
You closely miss the gnoll. The gnoll hits you with a +0 whip.
You block the gnoll's attack.
You barely miss the gnoll.
Your tail-slap misses the gnoll.
The gnoll closely misses you.
The gnoll hits you from afar with a +0 halberd.
You slash the gnoll!
Your tail-slap misses the gnoll.
The gnoll is severely wounded.
The gnoll hits you with a +0 whip. The gnoll hits you but does no damage.
The gnoll closely misses you. You block the gnoll's attack.
You barely miss the gnoll.
The gnoll is severely wounded.
The gnoll hits you with a +0 whip. You block the gnoll's attack.
You barely miss the gnoll.
The gnoll is severely wounded.
The gnoll barely misses you. You block the gnoll's attack.
You closely miss the gnoll.
The gnoll is severely wounded.
The gnoll hits you but does no damage.
The gnoll hits you from afar with a +0 halberd!
You hit the gnoll.
The gnoll is severely wounded.
The gnoll hits you with a +0 whip.
The gnoll hits you from afar with a +0 halberd!
* * * LOW HITPOINT WARNING * * *
The gnoll hits you from afar with a +0 halberd!
* * * LOW HITPOINT WARNING * * *
The gnoll hits you with a +0 whip.
You die...

#..## ##..######
##..##..####
##........###
###...........###
##...............#
#................#
##............(.#####
##.............@g..#
##..........####g.....
###.......## ...##
##.....## ..# ##.#.###
.# #..### # #..# ##.##
#..#


You could see 2 gnolls.

Vanquished Creatures
  A sky beast (D:5)
  A black bear (D:5)
  An ice beast (D:7)
  3 ogres
  A centaur (D:7)
  A phantom (D:5)
  3 scorpions
  A howler monkey (D:6)
  A jelly (D:5)
  4 hounds
  10 iguanas
  Ijyb (D:3)
  Natasha (thrice) (D:3)
  2 sleepcaps
  Robin (D:4)
  12 gnolls
  6 adders
  A white imp (D:7)
  3 worms
  2 dart slugs
  5 orcs
  6 endoplasms
  4 giant cockroaches
  14 goblins
  13 hobgoblins
  9 quokkas
  6 ball pythons
  7 bats
  4 frilled lizards
  9 kobolds
  3 rats
138 creatures vanquished.

Notes
Turn   | Place    | Note
-------+----------+-------------------------------------------
     0 | D:1      | Shard1697 the Armataur Gladiator began the quest for the
                  | Orb.
     0 | D:1      | Reached XP level 1. HP: 18/18 MP: 1/1
   140 | D:1      | Reached skill level 3 in Axes
   140 | D:1      | Reached XP level 2. HP: 25/25 MP: 2/2
  1039 | D:2      | Reached XP level 3. HP: 10/31 MP: 3/3
  1559 | D:2      | Reached skill level 4 in Axes
  1605 | D:2      | Reached XP level 4. HP: 37/38 MP: 4/4
  1931 | D:3      | Noticed Ijyb
  1941 | D:3      | Killed Ijyb
  1963 | D:3      | Reached XP level 5. HP: 17/43 MP: 5/5
  1992 | D:3      | Reached skill level 5 in Axes
  2390 | D:3      | Found a faded altar of an unknown god.
  2396 | D:3      | Prayed at the altar of an unknown god.
  2396 | D:3      | Became a worshipper of Lugonu the Unformed
  2396 | D:3      | Reached * piety under Lugonu
  2473 | D:3      | Noticed Natasha
  2476 | D:3      | Killed Natasha
  2649 | D:3      | Found an ancient bone altar of Kikubaaqudgha.
  2670 | D:3      | Noticed Natasha
  2678 | D:3      | Killed Natasha
  2679 | D:3      | Reached skill level 1 in Invocations
  2797 | D:3      | Noticed Natasha
  2806 | D:3      | Killed Natasha
  2902 | D:4      | Reached XP level 6. HP: 38/51 MP: 5/7
  3028 | D:4      | Found a staircase to the Ecumenical Temple.
  3185 | D:4      | Found a runed translucent gate.
  3185 | D:4      | Found a runed translucent gate.
  3185 | D:4      | Found a runed translucent gate.
  3186 | D:4      | Noticed LeprechaunX's ghost (novice OpSh)
  3186 | D:4      | Noticed otakuarchivist's ghost (weakling MiFi)
  3186 | D:4      | Noticed GrumpyGrim72's ghost (amateur OpCj)
  3233 | D:4      | Reached ** piety under Lugonu
  3261 | D:4      | Reached skill level 6 in Axes
  3379 | D:4      | Noticed Robin
  3388 | D:4      | Killed Robin
  3389 | D:4      | Reached XP level 7. HP: 53/56 MP: 7/9
  3642 | D:5      | Entered Level 5 of the Dungeon
  3747 | D:5      | Found a shimmering altar of Xom.
  3775 | D:5      | Reached skill level 7 in Axes
  3944 | D:5      | Reached XP level 8. HP: 54/64 MP: 11/11
  4458 | D:6      | Reached skill level 1 in Shields
  4659 | D:6      | You fall into a shaft and drop 1 floor!
  4661 | D:7      | Found a hide-covered altar of Uskayaw.
  4662 | D:7      | Noticed a +0 dagger
  4774 | D:6      | Found Nuecwar's Jewellery Shop.
  4776 | D:6      | Bought a ring of poison resistance for 240 gold pieces
  5051 | D:7      | Noticed a +0 dagger
  5066 | D:7      | Reached skill level 8 in Axes
  5075 | D:7      | Found a transporter.
  5078 | D:7      | Noticed GrumpyGrim72's ghost (novice OpCj)
  5080 | D:7      | Found a transporter.
  5139 | D:7      | Reached skill level 5 in Invocations
  5199 | D:7      | Found a shadowy altar of Dithmenos.
  5397 | D:7      | Found Leizxe's Vocational Training.
  5517 | D:7      | HP: 2/67 [gnoll/+0 halberd (12)]
  5517 | D:7      | Slain by a gnoll

Illustrated notes

Levels and vault maps discovered:
D:1:      giann_horns, layout_basic, minmay_nonomino_d4
D:2:      layout_basic, serial_curves, eino_curves_03, eino_curves_03
D:3:      layout_basic, mainiacjoe_overflow_alcove_1, basic_ecumenical_altar,
          gup_sewer_entry_bowl, reono_crystal_passage, uniq_natasha, uniq_ijyb
D:4:      layout_loops_ring, minmay_temple_entry_stoned_glass,
          gammafunk_ghost_cemetery, roderic_roman_lattice, uniq_robin
D:5:      layout_loops_ring, tgw_xom
D:6:      layout_gridville, serial_shops, nicolae_shop_gaudy_bauble
D:7:      layout_cave_pods, nicolae_overflow_crystal_walls,
          dancing_weapons_uskayaw, gammafunk_ghost_smash,
          nicolae_shop_vocational, uniq_joseph

Skill      XL: |  1  2  3  4  5  6  7  8 |
---------------+-------------------------+-----
Axes           | 3 4 5 6 7 8 |  8.1
Invocations    | 1 2 4 5 |  5.1
Fighting       | 3 |  3.3
Shields        | 2 |  2.0
Throwing       | |  1.7
Dodging        | |  2.1

Action                     |  1- 3 |  4- 6 |  7- 9 || total
---------------------------+-------+-------+-------++-------
  Melee: War axe           |   104 |   181 |   191 ||   476
         Tailslap          |    10 |    24 |    17 ||    51
         Punch             |     1 |     1 |     1 ||     3
  Throw: Throwing net      |       |       |     3 ||     3
  Evoke: Wand              |       |     7 |       ||     7
    Use: Scroll            |       |     8 |       ||     8
         Potion            |       |       |     1 ||     1
   Stab: Held in net/web   |       |       |     1 ||     1
 Armour: Leather armour    |    17 |       |       ||    17
         Ring mail         |    28 |    78 |    68 ||   174
  Dodge: Dodged            |    50 |    84 |    60 ||   194
  Block: Kite shield       |       |       |    28 ||    28

Table legend: (Time is in decaauts)
 A = Elapsed time spent in this place.
 B = Non-inter-level travel time spent in this place.
 C = Inter-level travel time spent in this place.
 D = Time resting spent in this place.
 E = Time spent auto-exploring this place.
 F = Levels seen in this place.
 G = Mean time per level.
                   A        B        C        D        E       F      G
               +--------+--------+--------+--------+--------+-----+--------+
         Total |   5635 |   5378 |    257 |    181 |   3869 |   7 |  805.0 |
       Dungeon |   5635 |   5378 |    257 |    181 |   3869 |   7 |  805.0 |
               +--------+--------+--------+--------+--------+-----+--------+

Top non-repeatable levels by time:
     D:1: 1032 daAuts
     D:3: 1000 daAuts
     D:2: 916 daAuts
     D:4: 775 daAuts
     D:5: 713 daAuts
     D:6: 667 daAuts
     D:7: 529 daAuts
